 Dungeon Crawl Stone Soup version 0.31-a0-971-g75a2e9a4b4 (webtiles) character file.

Game seed: 6353187052989175136

230 BinkBink the Changeling (level 6, -1/47 HPs)
             Began as a Merfolk Shapeshifter on Oct 28, 2023.
             Slain by a goblin
             ... wielding a +2 dagger of electrocution
             ... led by Robin
              (4 damage)
             ... on level 2 of the Dungeon.
             The game lasted 00:02:30 (1320 turns).

BinkBink the Changeling (Merfolk Shapeshifter)      Turns: 1320, Time: 00:02:31

Health: -1/47      AC:  2    Str: 11 (14) XL:     6   Next: 3%
Magic:  6/6        EV: 13    Int:  7 (10) God:
Gold:   115        SH:  0    Dex: 14 (15) Spells: 5/5 levels left

rFire   . .          .
                       - Unarmed
rCold   . . .        (no shield)
rNeg    . . .        a - +0 animal skin
rPois   .            (helmet currently unavailable)
rElec   .            (cloak currently unavailable)
rCorr   .            (gloves currently unavailable)
SInv    .            (boots currently unavailable)
Will    .....        (no amulet)
Stlth   +            (no ring)
HPRegen 0.27/turn    (no ring)
MPRegen 0.10/turn

%: no passive effects
@: beast-form, attractive, hasted, very quick
A: beast (slay +3), (nimble swimmer 2), mertail
a: Begin Untransformation


You were on level 2 of the Dungeon.
You were a hulking beast.
You visited 1 branch of the dungeon, and saw 2 of its levels.

You collected 115 gold pieces.

Inventory:

Missiles
 m - 2 throwing nets
Armour
 a - a +0 animal skin (worn)
Jewellery
 e - a ring of willpower
 n - a ring of poison resistance
 o - a ring of see invisible
Talismans
 c - a beast talisman (active)
 d - a flux talisman
Scrolls
 f - 2 scrolls of identify {unknown}
 g - a scroll of fear {unknown}
 h - 2 scrolls of blinking {unknown}
 l - a scroll of enchant weapon {unknown}
 p - 2 scrolls of teleportation {unknown}
Potions
 b - a potion of lignification
 j - a potion of attraction


   Skills:
 + Level 3.1 Fighting
 + Level 4.6 Dodging
 + Level 4.5 Unarmed Combat
 + Level 5.3 Shapeshifting


You had 5 spell levels left.
You didn't know any spells.
Your spell library contained the following spells:

 Spells                   Type           Power      Damage    Failure   Level
 Ensorcelled Hibernation  Hex/Ice        0%         N/A       56%         2
 Passwall                 Tmut/Erth      0%         N/A       56%         2
 Swiftness                Air            0%         N/A       80%         3


Dungeon Overview and Level Annotations

Branches:
Dungeon (2/15)

Altars:

Annotations:
D:2 Robin


Innate Abilities, Weirdness & Mutations

You are a hulking beast.
Your limbs bulge with bestial killing power. (Slay +3)
((You are very nimble when in or above water. (Stealth+, EV+, Speed+++)))
Your lower body shifts to a powerful aquatic tail in water.


Message History

The hobgoblin shouts!
The goblin closely misses you. The goblin hits you with a +0 dagger.
You punch the goblin!
You kill the goblin!
Robin says, "Bow before me, strongest of all the hobgoblins!"
You hit the goblin.
You kill the goblin!
A goblin comes into view.
It is wielding a +2 dagger of electrocution.
The goblin hits you with a +0 club.
Things that are here:
a +0 dagger; a +0 club; a goblin corpse You punch the goblin!
You kill the goblin!
The goblin unwields a +0 dagger.
The goblin wields a +0 sling.
The goblin shoots a sling bullet.
The sling bullet closely misses you.
Robin's bangles clink loudly.
Robin throws the goblin at you! The goblin barely misses you.
You closely miss the goblin. Robin throws the goblin at you!
The goblin hits you with a +2 dagger of electrocution.
You are electrocuted!
* * * LOW HITPOINT WARNING * * *
The goblin unwields a +0 sling.
The goblin wields a +0 dagger.
The goblin closely misses you.
You closely miss the goblin.
The hobgoblin no longer looks unusually strong.
The goblin no longer looks unusually strong.
The goblin misses you. The goblin closely misses you.
It was a potion of attraction.
You feel attractive to monsters. The goblin closely misses you.
The goblin hits you with a +0 dagger.
* * * LOW HITPOINT WARNING * * *
It was a potion of haste.
You feel yourself speed up.
The goblin hits you with a +2 dagger of electrocution.
* * * LOW HITPOINT WARNING * * *
The goblin closely misses you.
It was a potion of degeneration.
There was something very wrong with that liquid.
You feel weakened.
You feel dopey.
You feel clumsy.
The goblin hits you with a +2 dagger of electrocution.
You die...

##.###......... #.#
########## #.# #.#
##### ##.#### ##.>.##
#.....# ##.....##
#..##.###
#.......#####.......#
#
#.......)ghggg....#.#
# #.......#####...#<#
### ##.....## ##..# #
..# ##...## #..# #.##
#####.##### #..#
...###.........# #gg#
##...#.###.###.#


.ggg (#.#.#.# #.# g$g.# ##...#.###.## ...... You could see Robin, a hobgoblin
and 2 goblins.

Vanquished Creatures
  Sigmund (D:2)
  2 adders (D:2)
  A worm (D:2)
  A dart slug (D:1)
  A ball python (D:1)
  3 endoplasms
  3 giant cockroaches (D:1)
  10 goblins (D:2)
  7 hobgoblins
  2 kobolds
  A quokka (D:2)
  6 bats
  2 frilled lizards (D:1)
  A rat (D:1)
41 creatures vanquished.

Notes
Turn   | Place    | Note
-------+----------+-------------------------------------------
     0 | D:1      | BinkBink the Merfolk Shapeshifter began the quest for the
                  | Orb.
     0 | D:1      | Reached XP level 1. HP: 15/15 MP: 1/1
   399 | D:1      | Reached XP level 2. HP: 21/21 MP: 2/2
   712 | D:2      | Reached XP level 3. HP: 21/27 MP: 3/3
   884 | D:2      | Noticed Sigmund
   916 | D:2      | Killed Sigmund
   917 | D:2      | Reached skill level 5 in Shapeshifting
   917 | D:2      | Reached XP level 4. HP: 27/35 MP: 4/4
   917 | D:2      | Reached XP level 5. HP: 32/41 MP: 5/5
  1290 | D:2      | Noticed Robin
  1303 | D:2      | Reached XP level 6. HP: 44/47 MP: 6/6
  1320 | D:2      | Slain by a goblin

Illustrated notes

Levels and vault maps discovered:
D:1:      dpeg_chamrin_arrival_tetris, layout_rooms, minmay_tall_x
D:2:      layout_loops_corners, minmay_fractal_squares_5, uniq_sigmund,
          uniq_robin

Skill      XL: |  1  2  3 |
---------------+----------+-----
Dodging        | 3 4 |  4.6
Fighting       | 3 |  3.1
Unarmed Combat | 4 |  4.5
Shapeshifting  | 5 |  5.3

Action                     |  1- 3 |  4- 6 || total
---------------------------+-------+-------++-------
  Melee: Unarmed           |    54 |    44 ||    98
         Punch             |     2 |     2 ||     4
    Use: Potion            |       |     3 ||     3
   Stab: Sleeping          |       |     1 ||     1
 Armour: Animal skin       |    23 |    31 ||    54
  Dodge: Dodged            |    30 |    28 ||    58
   Form: Beast             |     1 |       ||     1

Table legend: (Time is in decaauts)
 A = Elapsed time spent in this place.
 B = Non-inter-level travel time spent in this place.
 C = Inter-level travel time spent in this place.
 D = Time resting spent in this place.
 E = Time spent auto-exploring this place.
 F = Levels seen in this place.
 G = Mean time per level.
                   A        B        C        D        E       F      G
               +--------+--------+--------+--------+--------+-----+--------+
         Total |   1312 |   1281 |     31 |     17 |    974 |   2 |  656.0 |
       Dungeon |   1312 |   1281 |     31 |     17 |    974 |   2 |  656.0 |
               +--------+--------+--------+--------+--------+-----+--------+

Top non-repeatable levels by time:
     D:2: 664 daAuts
     D:1: 648 daAuts
